 Dungeon Crawl Stone Soup version 0.28-a0-863-g8cecda6153 (webtiles) character file.

Game seed: 14319403347863411487

70 jbasstz the Skirmisher (level 4, 0/36 HPs)
             Began as a Demonspawn Berserker on Nov 16, 2021.
             Was a Believer of Trog.
             Killed from afar by an orc wizard (5 damage)
             ... with a magic dart
             ... on level 2 of the Dungeon.
             The game lasted 00:07:17 (3734 turns).

jbasstz the Skirmisher (Demonspawn Berserker)       Turns: 3734, Time: 00:07:20

Health: 0/36       AC:  3    Str: 18    XL:     4   Next: 4%
Magic:  4/4        EV:  9    Int:  9    God:    Trog [**....]
Gold:   76         SH:  0    Dex: 12    Spells: 3/3 levels left

rFire   . . .      SeeInvis .   a - +0 hand axe
rCold   . . .      Faith    .   c - +0 kite shield
rNeg    . . .      Spirit   .   b - +0 animal skin
rPois   .          Reflect  .   (no helmet)
rElec   .          Harm     .   (no cloak)
rCorr   .          Rampage  .   (no gloves)
Will    .....                   (no boots)
Stlth   +.........              (no amulet)
HPRegen 0.12/turn               (no ring)
MPRegen 0.09/turn               (no ring)

@: confused
A: rugged brown scales 1, condensation shield
a: Renounce Religion, Berserk, Trog's Hand


You were on level 2 of the Dungeon.
You worshipped Trog.
Trog was pleased with you.
You visited 1 branch of the dungeon, and saw 3 of its levels.

You collected 76 gold pieces.

Inventory:

Hand Weapons
 a - a +0 hand axe (weapon)
Armour
 b - a +0 animal skin (worn)
 c - a +0 kite shield (worn)
Scrolls
 d - a scroll of magic mapping {unknown}
 f - 2 scrolls of enchant weapon {unknown}
 g - a scroll of amnesia {unknown}
 h - a scroll of blinking {unknown}
 j - a scroll of enchant armour {unknown}
Potions
 e - a potion of ambrosia {unknown}
 i - a potion of curing {unknown}


   Skills:
 + Level 3.5 Fighting
 + Level 3.2 Axes
 + Level 1.8 Armour
 + Level 2.4 Dodging
 + Level 0.2 Stealth
 + Level 1.2 Shields


You had 3 spell levels left.
You didn't know any spells.
Your spell library contained the following spells:

 Spells                   Type           Power      Damage    Failure   Level
 Beastly Appendage        Tmut           0%         N/A       94%         1
 Wereblood                Tmut           0%         N/A       98%         2
 Spider Form              Tmut/Pois      0%         N/A       100%        3


Dungeon Overview and Level Annotations

Branches:
Dungeon (3/15)

Altars:

Annotations:
D:3 2 transporters


Innate Abilities, Weirdness & Mutations

You are partially covered in rugged brown scales. (AC +1, +3% HP)
A meltable shield of frost defends you. (SH +0)


Message History

You barely miss the orc.
The orc is severely wounded.
You hit the orc wizard. You block the orc wizard's attack.
The orc hits you with a +0 whip. The orc wizard barely misses you.
You barely miss the orc.
The orc is severely wounded.
You hit the orc wizard. You block the orc's attack.
The orc wizard closely misses you. You block the orc's attack.
The orc barely misses you.
There is a stone staircase leading up, spattered with blood here.
The orc closely misses you.
You climb upwards.
There is a stone staircase leading down here.
You hit the orc.
The orc is almost dead.
You barely miss the orc wizard.
The orc wizard gestures at you while chanting.
You are confused.
The orc barely misses you.
The orc wizard hits you but does no damage.
You hit the orc.
You kill the orc!
Trog accepts your kill.
You barely miss the orc wizard.
The orc wizard gestures at you while chanting.
The puff of flame hits you.
Your condensation shield dissipates!
* * * LOW HITPOINT WARNING * * *
You bump into the rock wall.
The orc wizard closely misses you.
Your shield prevents you from hitting the orc wizard.
The orc wizard is heavily wounded.
The orc wizard hits you with a +0 dagger.
* * * LOW HITPOINT WARNING * * *
You miss the orc wizard.
The orc wizard is heavily wounded.
The orc wizard hits you with a +0 dagger.
* * * LOW HITPOINT WARNING * * *
The orc wizard casts a spell at you. The magic dart hits you.
You die...

#..# #...#####.#...#####.#
##.# #....####.###.......# #
#.# #.........####..##### #
#.# #...####..........## #
#.###...# ###.#...##..# ####
#..##...#####....#...#.###...
#..#####.......##....<.......
##.........###....####..###.#
#..##.....o@)...## ##.....#
#..##.....#####.# #......
#..######## #.# ###.#.. ##.#
#.# ###...### #.#
###.####...### # #.#
#.....##.### # #.# #........#
# ####.##### #.....#### ##
#........# #.....#########.


You could see an orc wizard.

Vanquished Creatures
  2 adders (D:2)
  2 orcs
  3 endoplasms
  5 goblins
  3 hobgoblins
  2 jackals (D:2)
  8 kobolds
  3 quokkas
  5 ball pythons
  6 bats
  2 frilled lizards (D:1)
  6 rats
47 creatures vanquished.

Notes
Turn   | Place    | Note
-------+----------+-------------------------------------------
     0 | D:1      | jbasstz the Demonspawn Berserker began the quest for the
                  | Orb.
     0 | D:1      | Reached XP level 1. HP: 18/18 MP: 1/1
   484 | D:1      | Gained mutation: You are partially covered in rugged brown
                  | scales. (AC +1, +3% HP) [demonic ancestry]
   484 | D:1      | Reached XP level 2. HP: 16/24 MP: 2/2
  1157 | D:1      | Found a faded altar of an unknown god.
  2107 | D:2      | Reached ** piety under Trog
  2108 | D:2      | Gained mutation: A meltable shield of frost defends you.
                  | (SH +0) [demonic ancestry]
  2108 | D:2      | Reached XP level 3. HP: 28/29 MP: 3/3
  2832 | D:2      | Reached skill level 1 in Shields
  3155 | D:3      | Found a transporter.
  3159 | D:3      | Noticed a kobold demonologist
  3172 | D:3      | Found a transporter.
  3245 | D:3      | HP: 1/29 [orc/boomerang (3)]
  3722 | D:3      | Reached XP level 4. HP: 21/36 MP: 4/4
  3734 | D:2      | Killed from afar by an orc wizard

Illustrated notes

Levels and vault maps discovered:
D:1:      eino_arrival_cavern_a, layout_basic,
          dreamdust_ecumenical_altar_statues
D:2:      layout_rooms, grunt_ministairs_14
D:3:      gammafunk_wand_slinger, layout_basic, trog_butcher_becter,
          amcnicky_altar_gilded

Skill      XL: |  1  2  3 |
---------------+----------+-----
Dodging        | 2 |  2.4
Axes           | 3 |  3.2
Shields        | 1 |  1.2
Fighting       | |  3.5
Armour         | |  1.8
Stealth        | |  0.2

Action                   |  1- 3 |  4- 6 || total
-------------------------+-------+-------++-------
Melee: Hand axe          |   184 |     9 ||   193
Armor: Animal skin       |    66 |     1 ||    67
Dodge: Dodged            |    93 |     7 ||   100
Block: Kite shield       |   132 |     6 ||   138

Table legend: (Time is in decaauts)
 A = Elapsed time spent in this place.
 B = Non-inter-level travel time spent in this place.
 C = Inter-level travel time spent in this place.
 D = Time resting spent in this place.
 E = Time spent auto-exploring this place.
 F = Levels seen in this place.
 G = Mean time per level.
                   A        B        C        D        E       F      G
               +--------+--------+--------+--------+--------+-----+--------+
         Total |   3821 |   3821 |      0 |   1338 |   1762 |   3 | 1273.7 |
       Dungeon |   3821 |   3821 |      0 |   1338 |   1762 |   3 | 1273.7 |
               +--------+--------+--------+--------+--------+-----+--------+

Top non-repeatable levels by time:
     D:1: 2135 daAuts
     D:2: 1512 daAuts
     D:3: 174 daAuts
